 Dungeon Crawl Stone Soup version 0.29.1-1-gd02db6906a (webtiles) character file.

Game seed: 9883963385142932848

19304 unlimited1921 the Thaumaturge (level 13, -11/83 HPs)
             Began as a Djinni Fire Elementalist on Oct 17, 2022.
             Was an Initiate of Gozag.
             Mangled by a two-headed ogre
             ... wielding a +0 dire flail
              (25 damage)
             ... on level 11 of the Dungeon.
             The game lasted 01:42:53 (20984 turns).

unlimited1921 the Thaumaturge (DjFE)               Turns: 20984, Time: 01:42:53

Health: -11/83     AC: 12    Str:  7    XL:     13   Next: 3%
Gold:   714        EV: 13    Int: 21    God:    Gozag SH:  0 Dex: 21

rFire   + + +      SeeInvis .   M - +2 trident (protect)
rCold   x x .      Faith    +   (no shield)
rNeg    . . .      Spirit   .   H - +4 troll leather armour
rPois   ∞          Reflect  .   q - +0 helmet
rElec   .          Harm     .   w - +1 cloak
rCorr   .          Rampage  .   (no gloves)
Will    +....                   (boots unavailable)
Stlth   +++.......              C - amulet of faith
HPRegen 1.03/turn               a - +6 ring of dexterity
MPRegen 0.00/turn               v - ring of fire

@: flying
A: sickness immunity, fire resistance 2, cold vulnerability 1, float, innate
caster, HP casting, extra vitality 1
a: Renounce Religion, Potion Petition, Call Merchant, Bribe Branch


You were on level 11 of the Dungeon.
You worshipped Gozag.
Gozag was pleased with you.
You visited 3 branches of the dungeon, and saw 13 of its levels.

You collected 1091 gold pieces.
You spent 70 gold pieces at shops.
You paid 307 gold pieces to Gozag.

Inventory:

Hand Weapons
 I - a +2 short sword of holy wrath
 J - a +0 dagger of venom
 M - a +2 trident of protection (weapon)
 N - a +7 hand axe
 O - a +3 battleaxe of freezing
 P - a +4 war axe
Missiles
 i - 8 atropa-tipped darts
 l - a throwing net
 n - 15 poisoned darts (quivered)
 p - 10 javelins
Armour
 q - a +0 helmet (worn)
 w - a +1 cloak (worn)
 H - a +4 troll leather armour (worn)
 K - +0 acid dragon scales
Jewellery
 a - a +6 ring of dexterity (left hand)
 f - a +4 ring of evasion
 m - a ring of see invisible
 r - a ring of wizardry
 v - a ring of fire (right hand)
 C - an amulet of faith (around neck)
 L - a ring of resist corrosion
 R - a +6 ring of strength
Wands
 s - a wand of paralysis (26)
 B - a wand of mindburst (17)
 S - a wand of iceblast (1)
Scrolls
 b - 3 scrolls of vulnerability {unknown}
 j - 2 scrolls of enchant weapon
 o - a scroll of immolation
 t - 2 scrolls of teleportation
 u - 3 scrolls of magic mapping {unknown}
 y - a scroll of silence
 A - a scroll of butterflies
 Q - 2 scrolls of identify
 T - a scroll of fear
 U - a scroll of acquirement {unknown}
Potions
 c - 2 potions of cancellation
 d - 2 potions of berserk rage
 e - 2 potions of mutation
 g - 3 potions of magic {unknown}
 h - 3 potions of resistance
 k - 2 potions of heal wounds
 x - a potion of brilliance
 z - 2 potions of curing
 E - 2 potions of ambrosia
 F - a potion of might
 G - a potion of haste


   Skills:
 * Level 3.9 Fighting
 + Level 1.7 Polearms
 + Level 4.8 Armour
 + Level 4.0 Dodging
 * Level 5.4 Stealth
 + Level 0.7 Shields
 + Level 14.0 Spellcasting
 * Level 2.6 Invocations


You had 9 spell levels left.
You knew the following spells:

 Your Spells              Type           Power      Damage    Failure   Level
a - Foxfire               Conj/Fire      100%       2x1d9     1%          1
b - Scorch                Fire           100%       2d10      1%          2
c - Conjure Flame         Conj/Fire      84%        6-21      1%          3
d - Inner Flame           Hex/Fire       84%        N/A       1%          3
e - Flame Wave            Conj/Fire      84%        2d18      1%          4
f - Shock                 Conj/Air       100%       1d9       1%          1
g - Blink                 Tloc           100%       N/A       1%          2
h - Ozocubu's Armour      Ice            65%        N/A       1%          3
i - Gell's Gravitas       Tloc           65%        N/A       1%          3
j - Leda's Liquefaction   Hex/Erth       32%        N/A       1%          4
k - Silence               Hex/Air        32%        N/A       1%          5
Your spell library was empty.

Dungeon Overview and Level Annotations

Branches:
Dungeon (11/15)            Temple (1/1) D:7            Lair (0/5) D:11
    Orc (1/2) D:10

Altars:
Ashenzari
Cheibriados
Dithmenos
Elyvilon
Fedhas
Gozag
Hepliaklqana
Makhleb
Nemelex Xobeh
Okawaru
Qazlal
Ru
Trog
Uskayaw
Wu Jian
Xom
Yredelemnul
Zin
The Shining One

Shops:
D:4 [(*!   D:9 [

Portals:
Trove: D:10 (show abyssal rune of Zot)


Innate Abilities, Weirdness & Mutations

You are immune to sickness and miasma.
You are immune to poison.
Your flesh is very heat resistant. (rF++)
You are vulnerable to cold. (rC-)
You float through the air rather than walking.
You learn spells naturally, not from books.
Your magical power is your life essence.
You have superior vitality. (+4 MHP)


Message History

The two-headed ogre is heavily wounded.
The two-headed ogre hits you but does no damage.
The two-headed ogre misses you.
You barely miss the two-headed ogre.
The two-headed ogre is heavily wounded.
You completely miss the two-headed ogre.
The two-headed ogre is heavily wounded.
The two-headed ogre closely misses you.
The two-headed ogre hits you with a +0 giant club!!
The two-headed ogre attacks as you move away!
The two-headed ogre barely misses you. x2
The two-headed ogre attacks as you move away!
The two-headed ogre closely misses you.
The two-headed ogre hits you with a +0 giant club!!
* * * LOW HITPOINT WARNING * * *
There is a stone staircase leading up here.
You fly upwards.
There is a stone staircase leading down here.
You start resting.
Your hearing returns.
You start resting.
HP restored.
You fly downwards.
The two-headed ogre hits you with a +0 dire flail.
The two-headed ogre hits you with a +0 giant club!!
There is a stone staircase leading up here.
Casting: Silence (dangerous; 1% risk of failure)
Confirm with . or Enter, or press ? or * to list all spells.
Aiming: Inner Flame (safe; 1% risk of failure)
Press: ? - help, Dir - move target, f - two-headed ogre
Aim: a two-headed ogre, wielding a +0 dire flail and a +0 giant club (lightly wounded, chance to affect: 94%)
You feel a surge of power!
The two-headed ogre is filled with an inner flame.
The two-headed ogre hits you with a +0 dire flail!!
The two-headed ogre hits you with a +0 giant club.
The two-headed ogre hits you with a +0 dire flail!!
* * * LOW HITPOINT WARNING * * *
The two-headed ogre hits you with a +0 giant club!!
You die...
Your body crumbles into a pile of gold.

########.######..........#
##...........#####...####.#
.....................####.###
#.....###.#######...........#
#...........# #...#####.#.#
#.....###.#.#####.>.# #.#.#
#.....# #.#.##.##...# #.#.##
.....## #.......#O..# #....#
##.#.# ###..#.#@...#
##....####
#.#.######.#####..##
#......... ##..........#
#..### #.........
...#.###..#.## ##....#
#.........
##.#.###..##.###.#.#.#
###...##.#
)#.#.................#
#[..##.#
.#.#########.#########
###.##.# .#.# ♣♣♣♣♣.♣♣♣♣♣
#.##.# .#.# ♣♣♣.........♣♣♣
#.##.#


You could see a two-headed ogre (inner flame).

Vanquished Creatures
  Jorgrun (Orc:1)
  A boulder beetle (D:11)
  A two-headed ogre (D:9)
  Lodul (D:11)
  A fire crab (D:11)
  4 orc knights (Orc:1)
  An ugly thing (D:8)
  A deep elf pyromancer (D:10)
  A gargoyle (D:6)
  Maggie (D:6)
  An unseen horror (D:11)
  A troll (D:9)
  4 polar bears (D:10)
  Grinder (D:6)
  2 dream sheep (D:10)
  Sigmund (D:2)
  5 wyverns (D:10)
  2 wraiths
  2 shadows
  A water elemental (D:11)
  24 yaks
  2 steam dragons
  A hog (D:10)
  2 vampire mosquitoes (D:10)
  Edmund (D:6)
  3 acid dragons
  3 water moccasins (D:8)
  6 orc warriors
  An ice beast (D:5)
  6 black bears
  10 ogres
  6 centaurs
  A kobold brigand (D:8)
  2 bullfrogs
  A necrophage (D:6)
  2 gnoll sergeants (D:9)
  2 scorpions (D:5)
  6 wights
  An electric eel (D:11)
  6 howler monkeys
  8 hounds
  2 jellies
  7 orc priests
  2 gnoll boudas
  Ijyb (D:5)
  16 orc wizards
  An iguana (D:6)
  A mummy (D:4)
  7 adders
  18 gnolls
  A white imp (D:6)
  2 ufetubi (D:5)
  A worm (D:3)
  3 dart slugs
  42 orcs
  5 bats
  8 endoplasms
  4 giant cockroaches
  11 goblins
  4 hobgoblins
  8 jackals
  5 quokkas
  5 ball pythons
  2 frilled lizards
  12 kobolds
  4 rats (D:2)
299 creatures vanquished.

Vanquished Creatures (collateral kills)
  2 foxfires (D:1)
2 creatures vanquished.

Vanquished Creatures (others)
  A lindwurm (D:11)
  A human (D:4)
  An orc wizard (D:11)
  384 foxfires
  11 plants (D:11)
398 creatures vanquished.

Grand Total: 699 creatures vanquished

Notes
Turn   | Place    | Note
-------+----------+-------------------------------------------
     0 | D:1      | unlimited1921 the Djinni Fire Elementalist began the quest
                  | for the Orb.
     0 | D:1      | unlimited1921 set off with the following spells memorised:
                  | Foxfire, Scorch, Conjure Flame, Inner Flame, Flame Wave.
     0 | D:1      | Reached XP level 1. HP: 15/15 MP: 0/0
   683 | D:1      | Reached XP level 2. HP: 17/21 MP: 0/0
  1500 | D:1      | Reached XP level 3. HP: 22/25 MP: 0/0
  1500 | D:1      | Learned a level 1 spell: Shock
  1548 | D:1      | Reached skill level 3 in Spellcasting
  2373 | D:2      | Reached XP level 4. HP: 24/31 MP: 0/0
  3145 | D:2      | Noticed Sigmund
  3432 | D:2      | Killed Sigmund
  3433 | D:2      | Reached skill level 4 in Spellcasting
  3433 | D:2      | Reached XP level 5. HP: 13/35 MP: 0/0
  3433 | D:2      | Learned a level 2 spell: Blink
  3433 | D:2      | Reached XP level 6. HP: 15/40 MP: 0/0
  4044 | D:3      | Reached skill level 1 in Armour
  5019 | D:3      | Found a shadowy altar of Dithmenos.
  5768 | D:4      | Found Biaqoc's Distillery.
  5824 | D:4      | Bought a potion of brilliance for 40 gold pieces
  5824 | D:4      | Bought a potion of curing for 30 gold pieces
  6020 | D:4      | Found a sparkling altar of Nemelex Xobeh.
  6055 | D:4      | Found Athaheawuf's Armour Emporium.
  6061 | D:4      | Noticed a human
  6065 | D:4      | Killed a human
  6210 | D:4      | Reached XP level 7. HP: 22/45 MP: 0/0
  6210 | D:4      | Learned a level 3 spell: Ozocubu's Armour
  6486 | D:4      | Reached skill level 5 in Spellcasting
  6609 | D:4      | Found Beuribb's General Store.
  6906 | D:4      | Found Nogu's Antique Weapon Shoppe.
  7003 | D:5      | Entered Level 5 of the Dungeon
  8069 | D:5      | Found a broken altar of Ashenzari.
  8467 | D:5      | Reached skill level 6 in Spellcasting
  8467 | D:5      | Reached XP level 8. HP: 44/50 MP: 0/0
  8513 | D:5      | Noticed Ijyb
  8517 | D:5      | Killed Ijyb
  9497 | D:6      | Noticed Grinder
  9502 | D:6      | Killed Grinder
  9503 | D:6      | Reached skill level 7 in Spellcasting
  9519 | D:6      | Noticed Edmund
  9524 | D:6      | Killed Edmund
  9525 | D:6      | Reached XP level 9. HP: 27/55 MP: 0/0
  9525 | D:6      | Learned a level 3 spell: Gell's Gravitas
  9972 | D:6      | Reached skill level 8 in Spellcasting
 10563 | D:6      | Noticed a gargoyle
 10570 | D:6      | Killed a gargoyle
 10849 | D:6      | Reached skill level 9 in Spellcasting
 10929 | D:6      | Reached skill level 1 in Fighting
 11239 | D:6      | Noticed Maggie
 11242 | D:6      | Killed Maggie
 11243 | D:6      | Reached XP level 10. HP: 48/62 MP: 0/0
 11811 | D:7      | Found a staircase to the Ecumenical Temple.
 11819 | Temple   | Entered the Ecumenical Temple
 12038 | Temple   | Became a worshipper of Qazlal Stormbringer
 12788 | D:7      | Found a burning altar of Makhleb.
 12867 | D:7      | Reached skill level 10 in Spellcasting
 13975 | D:8      | Found a snail-covered altar of Cheibriados.
 14431 | D:8      | Reached * piety under Qazlal
 14520 | D:8      | Noticed a cyan ugly thing
 14524 | D:8      | Killed a cyan ugly thing
 14687 | D:9      | Reached skill level 11 in Spellcasting
 14692 | D:9      | You are sucked into a shaft and drop 2 floors!
 14817 | D:10     | Entered Level 10 of the Dungeon
 14826 | D:10     | Found an opulent altar of Gozag.
 14858 | D:10     | Reached XP level 11. HP: 58/67 MP: 0/0
 14858 | D:10     | Learned a level 4 spell: Leda's Liquefaction
 14872 | D:10     | Noticed a deep elf pyromancer
 14877 | D:10     | Killed a deep elf pyromancer
 15314 | D:10     | Found a staircase to the Orcish Mines.
 15327 | D:10     | Reached skill level 1 in Polearms
 15491 | D:10     | Reached skill level 12 in Spellcasting
 15721 | D:10     | Found a huge runed translucent gate.
 15721 | D:10     | Found a huge runed translucent gate.
 15721 | D:10     | Found a huge runed translucent gate.
 15721 | D:10     | Found a huge runed translucent gate.
 16390 | D:10     | Found a portal to a secret trove of treasure.
 16572 | D:10     | Reached ** piety under Qazlal
 16613 | D:9      | Found Vale's Antique Armour Shop.
 17500 | D:9      | Reached XP level 12. HP: 43/73 MP: 0/0
 17616 | D:9      | Reached skill level 13 in Spellcasting
 17860 | D:9      | Noticed a two-headed ogre
 17865 | D:9      | Killed a two-headed ogre
 18465 | D:9      | Found an ornate altar of the Wu Jian Council.
 19066 | D:8      | Found a glowing silver altar of Zin.
 19207 | D:8      | Reached *** piety under Qazlal
 19271 | D:8      | Found a bloodstained altar of Trog.
 19843 | Orc:1    | Entered Level 1 of the Orcish Mines
 19847 | Orc:1    | Noticed Jorgrun
 19857 | Orc:1    | Killed Jorgrun
 19858 | Orc:1    | Reached skill level 1 in Invocations
 19933 | Orc:1    | Reached skill level 5 in Stealth
 20107 | D:10     | Fell from the grace of Qazlal
 20107 | D:10     | Became a worshipper of Gozag Ym Sagoz the Greedy
 20165 | D:11     | Noticed Lodul
 20171 | D:11     | Killed Lodul
 20235 | D:11     | Noticed a fire crab
 20324 | D:11     | Killed a fire crab
 20534 | D:11     | Found a staircase to the Lair.
 20799 | D:11     | Reached skill level 14 in Spellcasting
 20866 | D:11     | Noticed a boulder beetle
 20880 | D:11     | Killed a boulder beetle
 20881 | D:11     | Reached XP level 13. HP: 77/83 MP: 0/0
 20881 | D:11     | Learned a level 5 spell: Silence
 20984 | D:11     | Mangled by a two-headed ogre

Illustrated notes

Levels and vault maps discovered:
D:1:      minmay_arrival_doors, layout_basic, serial_bayou_pond_d
D:2:      layout_basic, serial_glass, glass_columns_b, glass_columns_c,
          glass_columns_a, kennysheep_pointless_box, uniq_sigmund
D:3:      layout_loops_ring, mainiacjoe_overflow_boulevard,
          minmay_misc_feat_rugged
D:4:      layout_layer_cave, tgw_kikubaaqudgha,
          nemelex_xobeh_ov_fountains_minmay, gup_ossuary_entry_pyramid,
          serial_shops, shop, shop, shop, nicolae_stop_n_shop_1,
          minmay_splitting_lines
D:5:      layout_rooms, nicolae_ashenzari_panopticon, minmay_puff, uniq_ijyb
D:6:      minmay_flawed_box, layout_basic, hex_intersection,
          grunt_decor_mini_mirrors, uniq_maggie, uniq_edmund, uniq_grinder
D:7:      layout_gridville, bloody_makhleb, minmay_temple_entry_arrows
D:8:      layout_basic, mainiacjoe_overflow_tiny_flanked,
          mainiacjoe_overflow_big_doors
D:9:      layout_roguey, nicolae_wu_jian_glorious_leap, roderic_serpentine_path,
          minmay_fountain_box, nicolae_stop_n_shop_1
D:10:     lemuel_bear_cage, layout_basic, amcnicky_altar_gilded,
          minmay_orc_entry_temple_small, enter_trove_3,
          hangedman_abyss_or_decor_stabs
D:11:     nzn_winding_woodlands_stair_cross [nzn_winding_woodlands_5x15_default,
          nzn_winding_woodlands_center_diamonds,
          nzn_winding_woodlands_5x15_jagged,
          nzn_winding_woodlands_5x5_perimeter,
          nzn_winding_woodlands_5x5_checkerboard,
          nzn_winding_woodlands_5x15_river_crossing,
          nzn_winding_woodlands_center_lodge,
          nzn_winding_woodlands_5x15_default], layout_loops_ring,
          dpeg_oklobed_lair, grunt_decor_fettered, uniq_lodul
Temple:   hellmonk_temple_forest_ring
Orc:1:    layout_caves, basic_altar, serial_shops, nicolae_shop_hallway_plus,
          shop, shop, shop_statue, special_room [special_room_orc],
          guppyfry_orc_lava_fort, uniq_jorgrun

Skill      XL: |  1  2  3  4  5  6  7  8  9 10 11 12 |
---------------+-------------------------------------+-----
Stealth        | 2 3 4 5 |  5.4
Spellcasting   | 3 4 6 7 9 11 12 14 | 14.0
Armour         | 1 2 3 4 |  4.8
Fighting       | 1 3 |  3.9
Dodging        | 3 4 |  4.0
Polearms       | 1 |  1.7
Invocations    | 2 |  2.6
Shields        | |  0.7

Action                   |  1- 3 |  4- 6 |  7- 9 | 10-12 | 13-15 || total
-------------------------+-------+-------+-------+-------+-------++-------
Melee: Trident           |       |       |     1 |    42 |     4 ||    47
       Flail             |       |       |     1 |       |       ||     1
       Dagger            |       |       |       |     9 |       ||     9
       Punch             |       |       |       |     1 |       ||     1
Throw: Dart              |       |       |       |     2 |       ||     2
 Cast: Foxfire           |    26 |    34 |    83 |    88 |       ||   231
       Scorch            |    24 |    16 |    38 |   116 |       ||   194
       Shock             |       |    41 |    20 |    28 |       ||    89
       Inner Flame       |       |     8 |    24 |   105 |     1 ||   138
       Flame Wave        |       |       |     3 |    10 |       ||    13
       Ozocubu's Armour  |       |       |     2 |       |       ||     2
       Blink             |       |       |     2 |     2 |       ||     4
       Leda's Liquefacti |       |       |       |     9 |       ||     9
       Conjure Flame     |       |       |       |     1 |       ||     1
       Silence           |       |       |       |       |     1 ||     1
  Use: Scroll            |       |     4 |     7 |    12 |       ||    23
       Potion            |       |       |       |     5 |       ||     5
Armor: Robe              |     1 |       |       |       |       ||     1
       Leather armour    |       |     4 |     5 |       |       ||     9
       Steam dragon scal |       |       |       |    21 |       ||    21
       Acid dragon scale |       |       |       |     2 |       ||     2
       Troll leather arm |       |       |       |    21 |     2 ||    23
Dodge: Dodged            |     6 |     4 |    30 |    79 |     9 ||   128
Block: Other             |       |       |       |    10 |       ||    10
